 Dungeon Crawl Stone Soup version 0.30-a0-335-ge5acde7520 (webtiles) character file.

Game seed: 10442456900018750749

5402 Lobster4 the Skirmisher (level 10, -2/80 HPs)
             Began as a Human Hunter on Oct 30, 2022.
             Was an Initiate of Gozag.
             Slain by a slime creature (16 damage)
             ... on level 8 of the Dungeon.
             The game lasted 00:33:54 (10785 turns).

Lobster4 the Skirmisher (Human Hunter)             Turns: 10785, Time: 00:33:54

Health: -2/80      AC: 12    Str: 11    XL:     10   Next: 98%
Magic:  10/10      EV: 13    Int:  9    God:    Gozag
Gold:   600        SH:  0    Dex: 22    Spells: 9/9 levels left

rFire   . . .      SeeInvis .    H - +2 short sword (elec)
rCold   + . .      Faith    .    (no shield)
rNeg    . . .      Spirit   .    z - +0 scale mail
rPois   .          Reflect  .    (no helmet)
rElec   .          Harm     .    p - +1 cloak
rCorr   .          Rampage  .    (no gloves)
Will    .....                    q - +2 pair of boots
Stlth   +.........               (no amulet)
HPRegen 0.33/turn                x - +4 ring of evasion
MPRegen 0.12/turn                l - ring of protection from cold

@: no status effects
A: no striking features
a: Renounce Religion, Potion Petition, Call Merchant, Bribe Branch


You were on level 8 of the Dungeon.
You worshipped Gozag.
Gozag was pleased with you.
You visited 2 branches of the dungeon, and saw 10 of its levels.
You also visited: Sewer.

You collected 710 gold pieces.
You paid 110 gold pieces to Gozag.

Inventory:

Hand Weapons
 a - a +0 shortbow
 b - a +3 dagger of venom
 A - the +3 dagger of the Coin {drain, rPois rN+++ Will- rCorr}
   (You took it off an orc on level 4 of the Dungeon)

   A truly terrible weapon, it drains the life of any living foe it strikes.
   rPois:     It protects you from poison.
   rN:        It renders you almost immune to negative energy.
   rCorr:     It protects you from acid and corrosion.
   Will:      It decreases your willpower.
 C - a +0 hand crossbow
 D - a +0 double sword
 H - a +2 short sword of electrocution (weapon)
 J - the +4 mace of Kismet {flame, rElec Int+4}
   (You found it on level 6 of the Dungeon)

   It burns those it strikes, dealing additional fire damage.
   Int:       It affects your intelligence (+4).
   rElec:     It insulates you from electricity.
 K - a +2 dagger of draining
 M - a +0 dagger of freezing
Missiles
 h - 17 poisoned darts
 m - 2 atropa-tipped darts
 u - a boomerang
 v - a curare-tipped dart
 O - 3 throwing nets
Armour
 c - a +0 leather armour
 j - a +0 ring mail
 p - a +1 cloak (worn)
 q - a +2 pair of boots (worn)
 z - a +0 scale mail (worn)
 U - a +0 buckler
Magical Staves
 G - a staff of fire
Jewellery
 l - a ring of protection from cold (right hand)
 x - a +4 ring of evasion (left hand)
 y - a ring of flight
Wands
 g - a wand of flame (22)
 T - a wand of polymorph (10)
Scrolls
 d - 4 scrolls of blinking
 i - 2 scrolls of silence {unknown}
 r - 2 scrolls of immolation
 t - 2 scrolls of enchant armour
 B - 2 scrolls of teleportation
 E - 2 scrolls of poison
 N - 2 scrolls of amnesia
 P - a scroll of fear
 Q - a scroll of magic mapping {unknown}
 S - a scroll of summoning
Potions
 e - 3 potions of magic
 f - 3 potions of brilliance
 n - 6 potions of flight
 o - 4 potions of curing
 s - 2 potions of cancellation
 w - a potion of heal wounds
 F - a potion of might
 L - a potion of berserk rage {unknown}
 R - a potion of haste


   Skills:
 + Level 8.2 Fighting
 - Level 2.5(3.1) Short Blades
 - Level 2.3(3.0) Long Blades
 - Level 3.0 Maces & Flails
 * Level 11.4 Ranged Weapons
 - Level 1.0 Throwing
 - Level 5.0 Armour
 - Level 2.0 Dodging
 - Level 1.0 Stealth
 - Level 3.0 Evocations


You had 9 spell levels left.
You didn't know any spells.
Your spell library contained the following spells:

 Spells                   Type           Power      Damage    Failure   Level
 Momentum Strike          Conj/Tloc      0%         3d8       97%         2
 Vhi's Electric Charge    Tloc/Air       0%         N/A       99%         3
 Borgnjor's Revivificati  Necr           0%         N/A       100%        8
 Disjunction              Tloc           0%         N/A       100%        8
 Necromutation            Tmut/Necr      0%         N/A       100%        8
 Death's Door             Necr           0%         N/A       100%        9


Dungeon Overview and Level Annotations

Branches:
Dungeon (9/15)             Temple (1/1) D:7           Sewer (visited)
   Lair: D:8-11         Orc: D:9-12

Altars:
Ashenzari
Elyvilon
Gozag
Hepliaklqana
Kikubaaqudgha
Makhleb
Nemelex Xobeh
Okawaru
Sif Muna
Trog
Uskayaw
Vehumet
Xom
Yredelemnul
Zin
The Shining One

Annotations:
D:9 1 runed translucent door


Message History

You barely miss the slime creature.
The slime creature is moderately wounded.
The slime creature hits you!
You hit the slime creature but do no damage.
The slime creature is moderately wounded.
The slime creature hits you!
You hit the slime creature.
Lightning courses through the slime creature!
The slime creature is heavily wounded.
You hit the slime creature.
The slime creature is heavily wounded.
The slime creature completely misses you.
You hit the slime creature.
The slime creature is severely wounded.
The slime creature closely misses you.
You hit the slime creature.
The slime creature is severely wounded.
The slime creature misses you.
You completely miss the slime creature.
The slime creature is severely wounded.
The slime creature hits you but does no damage.
You hit the slime creature.
The slime creature is severely wounded.
You hit the slime creature.
The slime creature is severely wounded.
The slime creature jiggles.
The slime creature hits you!
* * * LOW HITPOINT WARNING * * *
You puncture the slime creature!
The slime creature is almost dead.
The slime creature misses you.
You barely miss the slime creature.
The slime creature is almost dead.
The slime creature hits you.
* * * LOW HITPOINT WARNING * * *
You hit the slime creature.
The slime creature is almost dead.
The slime creature hits you!
You die...
Your body crumbles into a pile of gold.

#.#
#.##############
#.......g...h.<#
#.##############
#.# #.# #.#
###########.######
...............J@#
######..##########
#####..#####
...........#
...........#
...........#
...........#
##...#######
#..###


You could see a slime creature.

Vanquished Creatures
  A hornet (D:5)
  Prince Ribbit (D:5)
  A slime creature (D:8)
  Sigmund (D:5)
  4 yaks (D:8)
  Grum (D:8)
  Menkaure (D:6)
  2 black bears
  3 orc warriors
  3 ogres
  5 ice beasts
  3 wolves
  2 centaurs
  A phantom (D:5)
  A kobold brigand (Sewer)
  3 necrophages
  5 bullfrogs
  2 gnoll sergeants (D:8)
  3 scorpions
  3 killer bees (D:8)
  4 howler monkeys
  5 hounds
  2 orc priests (D:7)
  2 gnoll boudas
  3 jellies
  2 iguanas
  6 orc wizards
  9 adders
  19 gnolls
  5 river rats
  2 shadow imps
  2 white imps (D:8)
  3 ufetubi
  8 worms
  A dart slug (D:3)
  23 orcs
  8 bats
  7 endoplasms
  3 giant cockroaches
  5 goblins
  6 hobgoblins
  5 jackals
  4 kobolds
  6 quokkas
  A ball python (D:3)
  4 frilled lizards
  11 rats
202 creatures vanquished.

Vanquished Creatures (others)
  4 fungi (D:5)
4 creatures vanquished.

Grand Total: 206 creatures vanquished

Notes
Turn   | Place    | Note
-------+----------+-------------------------------------------
     0 | D:1      | Lobster4 the Human Hunter began the quest for the Orb.
     0 | D:1      | Reached XP level 1. HP: 16/16 MP: 1/1
    43 | D:1      | Reached XP level 2. HP: 22/22 MP: 2/2
   115 | D:1      | Reached skill level 1 in Armour
   226 | D:1      | Found a faded altar of an unknown god.
   516 | D:2      | Reached XP level 3. HP: 28/28 MP: 3/3
  1337 | D:2      | Reached XP level 4. HP: 33/34 MP: 4/4
  1541 | D:3      | Noticed an ice beast
  1683 | D:3      | Reached XP level 5. HP: 41/41 MP: 5/5
  1713 | D:3      | Killed an ice beast
  1714 | D:3      | Reached skill level 5 in Ranged Weapons
  1747 | D:3      | Reached XP level 6. HP: 48/48 MP: 6/6
  2606 | D:4      | Noticed an ice beast
  2623 | D:4      | Killed an ice beast
  2624 | D:4      | Reached skill level 6 in Ranged Weapons
  2624 | D:4      | Reached XP level 7. HP: 31/55 MP: 7/7
  2812 | D:4      | Found a glowing drain.
  2823 | Sewer    | Entered a sewer
  3052 | Sewer    | Found a glowing silver altar of Zin.
  3374 | D:4      | Identified the +3 dagger of the Coin {drain, rPois rN+++
                  | Will- rCorr}
  4018 | D:4      | Reached skill level 5 in Fighting
  4018 | D:4      | Reached skill level 1 in Short Blades
  4018 | D:4      | Reached XP level 8. HP: 62/62 MP: 8/8
  4150 | D:4      | Reached skill level 7 in Ranged Weapons
  4446 | D:5      | Entered Level 5 of the Dungeon
  4736 | D:5      | Noticed Prince Ribbit
  4744 | D:5      | Killed Prince Ribbit
  4745 | D:5      | Reached skill level 1 in Long Blades
  4871 | D:5      | Noticed Sigmund
  4891 | D:5      | Killed Sigmund
  4957 | D:5      | Reached XP level 9. HP: 68/68 MP: 9/9
  5133 | D:5      | Noticed a hornet
  5142 | D:5      | Killed a hornet
  5143 | D:5      | Reached skill level 8 in Ranged Weapons
  5651 | D:6      | Identified the +4 mace of Kismet {flame, rElec Int+4}
  5854 | D:6      | Reached skill level 5 in Armour
  5950 | D:6      | Reached skill level 1 in Maces & Flails
  6017 | D:5      | Reached skill level 9 in Ranged Weapons
  6224 | D:6      | Noticed Menkaure
  6231 | D:6      | Killed Menkaure
  6806 | D:7      | Reached XP level 10. HP: 72/77 MP: 10/10
  7156 | D:7      | Reached skill level 1 in Throwing
  7156 | D:7      | Reached skill level 1 in Evocations
  7546 | D:7      | Reached skill level 10 in Ranged Weapons
  7636 | D:7      | Found a staircase to the Ecumenical Temple.
  7707 | Temple   | Entered the Ecumenical Temple
  7910 | Temple   | Became a worshipper of Gozag Ym Sagoz the Greedy
  8257 | D:8      | Noticed Grum
  8693 | D:8      | Got the Lessons on the Voyage
  9478 | D:8      | Reached skill level 11 in Ranged Weapons
  9604 | D:8      | Killed Grum
 10294 | D:9      | Found a runed translucent gate.
 10294 | D:9      | Noticed a centaur warrior
 10785 | D:8      | Slain by a slime creature

Illustrated notes

Levels and vault maps discovered:
D:1:      minmay_arrival_five_plusses, layout_rooms,
          hellmonk_ecumenical_altar_blasted
D:2:      layout_loops_corners, nicolae_wormholes
D:3:      layout_basic, hangedman_abyss_or_decor_lesser_grid,
          kennysheep_generic_room_6
D:4:      layout_layer_cave, lightli_sewer_entry_pipes
D:5:      layout_loops_ring, serial_aquarium, aquarium_bridge_long_separate
          [aquarium_subvault_wall, aquarium_subvault_bridge,
          aquarium_subvault_bridge, aquarium_subvault_wall,
          aquarium_subvault_bridge, aquarium_subvault_bridge],
          aquarium_window_2, aquarium_window_2, aquarium_view_2c,
          minmay_misc_feat_four_crosses, minmay_misc_feat_tiny, st_stairs_8,
          uniq_prince_ribbit1, uniq_sigmund
D:6:      layout_basic, minmay_between, uniq_menkaure
D:7:      layout_basic, minmay_temple_entry_nine_rooms
D:8:      layout_basic, uniq_grum
D:9:      layout_long_grid, grunt_temple_overflow_open, erik_orc_2,
          gammafunk_ghost_cemetery, grunt_decor_fettered, hangedman_glass_teeth,
          roderic_serpentine_path
Temple:   nicolae_temple_slightly_damp_pantheon

Skill      XL: |  1  2  3  4  5  6  7  8  9 10 |
---------------+-------------------------------+-----
Armour         | 1 2 3 4 5 |  5.0
Fighting       | 3 4 5 6 8 |  8.2
Ranged Weapons | 5 6 7 9 11 | 11.4
Short Blades   | 1 2 |  2.5
Long Blades    | 2 |  2.3
Maces & Flails | 2 3 |  3.0
Throwing       | 1 |  1.0
Evocations     | 3 |  3.0
Dodging        | |  2.0
Stealth        | |  1.0

Action                   |  1- 3 |  4- 6 |  7- 9 | 10-12 || total
-------------------------+-------+-------+-------+-------++-------
Melee: Dagger            |       |       |    51 |   161 ||   212
       Short sword       |       |       |    21 |    14 ||    35
       Mace              |       |       |     3 |    23 ||    26
       Punch             |       |       |       |     6 ||     6
 Fire: Shortbow          |   104 |   117 |   263 |   179 ||   663
Throw: Dart              |       |       |    15 |       ||    15
  Use: Scroll            |     1 |    10 |     5 |     3 ||    19
       Potion            |       |       |     4 |     1 ||     5
Armor: Leather armour    |    11 |       |       |       ||    11
       Ring mail         |    10 |    14 |       |       ||    24
       Scale mail        |       |    22 |    80 |    95 ||   197
Dodge: Dodged            |    35 |    29 |   143 |   158 ||   365

Table legend: (Time is in decaauts)
 A = Elapsed time spent in this place.
 B = Non-inter-level travel time spent in this place.
 C = Inter-level travel time spent in this place.
 D = Time resting spent in this place.
 E = Time spent auto-exploring this place.
 F = Levels seen in this place.
 G = Mean time per level.
                   A        B        C        D        E       F      G
               +--------+--------+--------+--------+--------+-----+--------+
         Total |  10985 |  10137 |    848 |   1999 |   5597 |  11 |  998.6 |
       Dungeon |  10455 |   9660 |    795 |   1922 |   5331 |   9 | 1161.7 |
        Temple |    222 |    169 |     53 |      0 |    151 |   1 |  222.0 |
         Sewer |    307 |    307 |      0 |     77 |    115 |   1 |  307.0 |
               +--------+--------+--------+--------+--------+-----+--------+

Top non-repeatable levels by time:
     D:8: 2057 daAuts
     D:7: 1637 daAuts
     D:4: 1462 daAuts
     D:3: 1232 daAuts
     D:6: 1194 daAuts
     D:5: 1107 daAuts
     D:2: 1096 daAuts
     D:1: 515 daAuts
   Sewer: 307 daAuts
  Temple: 222 daAuts
     D:9: 150 daAuts
